General information
- name: BNet
- type: Ladder team game (AT/RT)
- host: Battle.net
- saver: Cash_Money
map: GolemsInTheMist
- players: 8
- length: 46:05
- speed: Fast
- version: 1.26 W3XP
- replay type: Public
» download(283 KB)
Players
team 1 (loser)
biggiesmalls_ny (
blue | 44 APM | 2017 actions | 45:46)
8 Demon Hunter
3 Immolation
3 Evasion
1 Metamorphosis
1 Mana Burn
» actions
| Assign group hotkey | 15 | |
| Basic commands | 158 | |
| Build / train | 83 | |
| ESC pressed | 5 | |
| Enter build submenu | 39 | |
| Enter hero's abilities submenu | 8 | |
| Give item / drop item | 2 | |
| Right click | 609 | |
| Select / deselect | 476 | |
| Select group hotkey | 507 | |
| Use ability | 114 | |
2017 total
» units
» upgrades
| Strength of the Wild | 3 | |
| Reinforced Hides | 3 | |
| Nature's Blessing | 1 | |
| Well Spring | 1 | |
| Corrosive Breath | 1 | |
9 total
» buildings
| Altar of Elders | 1 | |
| Moon Well | 9 | |
| Ancient of Wonders | 1 | |
| Tree of Ages | 1 | |
| Hunter's Hall | 1 | |
| Tree of Life | 4 | |
| Tree of Eternity | 1 | |
| Ancient of Wind | 1 | |
| Chimaera Roost | 4 | |
| Ancient Protector | 17 | |
40 total
» build order
00:10 Altar of Elders
00:32 Moon Well
00:47 Moon Well
01:20 Ancient of Wonders
01:41 Moon Well
02:21 Moon Well
03:24 Tree of Ages
04:05 Hunter's Hall
05:42 Tree of Life
06:01 Tree of Eternity
07:19 Ancient of Wind
08:24 Chimaera Roost
08:26 Chimaera Roost
08:28 Chimaera Roost
08:31 Chimaera Roost
08:56 Moon Well
08:58 Moon Well
10:20 Ancient Protector
10:27 Ancient Protector
10:28 Ancient Protector
11:02 Ancient Protector
11:03 Ancient Protector
11:05 Ancient Protector
12:10 Ancient Protector
12:47 Ancient Protector
13:06 Ancient Protector
13:32 Ancient Protector
18:45 Ancient Protector
18:48 Ancient Protector
18:51 Ancient Protector
18:53 Ancient Protector
18:56 Ancient Protector
19:00 Ancient Protector
19:54 Moon Well
21:13 Ancient Protector
27:08 Tree of Life
31:07 Moon Well
31:09 Moon Well
35:17 Tree of Life
42:13 Tree of Life
» items
| Orb of Venom | 1 | |
| Scroll of Town Portal | 9 | |
| Potion of Healing | 2 | |
12 total
Cash_Money (
purple | 43 APM | 1992 actions | 46:04)
8 Blademaster
3 Wind Walk
3 Critical Strike
1 Bladestorm
1 Mirror Image
» actions
| Assign group hotkey | 75 | |
| Basic commands | 128 | |
| Build / train | 71 | |
| Enter build submenu | 33 | |
| Enter hero's abilities submenu | 8 | |
| Give item / drop item | 5 | |
| Remove unit from queue | 2 | |
| Right click | 1041 | |
| Select / deselect | 328 | |
| Select group hotkey | 187 | |
| Use ability | 114 | |
1992 total
» units
| Peon | 14 | |
| Grunt | 4 | |
| Goblin Shredder | 1 | |
| Troll Batrider | 2 | |
| Goblin Sapper | 7 | |
| Wind Rider | 5 | |
33 total
» upgrades
| Ranged Weapons | 3 | |
| Armor | 3 | |
| Reinforced Defenses | 1 | |
| Envenomed Spears | 1 | |
| Ensnare | 1 | |
| Pillage | 1 | |
| Liquid Fire | 1 | |
| Troll Regeneration | 1 | |
| Burning Oil | 1 | |
13 total
» buildings
| Orc Burrow | 4 | |
| Altar of Storms | 1 | |
| Barracks | 1 | |
| Voodoo Lounge | 1 | |
| Stronghold | 1 | |
| War Mill | 1 | |
| Great Hall | 3 | |
| Beastiary | 4 | |
| Fortress | 1 | |
| Watch Tower | 26 | |
43 total
» build order
00:12 Orc Burrow
00:51 Altar of Storms
00:53 Barracks
01:05 Orc Burrow
01:47 Voodoo Lounge
03:14 Stronghold
03:27 Orc Burrow
04:35 War Mill
06:37 Great Hall
07:16 Beastiary
07:17 Beastiary
07:18 Beastiary
08:48 Fortress
08:51 Beastiary
09:06 Watch Tower
09:07 Watch Tower
09:09 Watch Tower
09:09 Watch Tower
09:10 Watch Tower
09:11 Watch Tower
14:04 Watch Tower
14:04 Watch Tower
14:05 Watch Tower
14:07 Watch Tower
14:07 Watch Tower
14:09 Watch Tower
16:44 Orc Burrow
16:51 Watch Tower
16:52 Watch Tower
16:54 Watch Tower
16:54 Watch Tower
16:55 Watch Tower
16:56 Watch Tower
24:33 Great Hall
24:44 Watch Tower
24:44 Watch Tower
24:45 Watch Tower
24:45 Watch Tower
24:47 Watch Tower
24:47 Watch Tower
24:48 Watch Tower
24:49 Watch Tower
35:37 Great Hall
» items
| Healing Salve | 5 | |
| Lesser Clarity Potion | 3 | |
| Mechanical Critter | 2 | |
| Scroll of Town Portal | 1 | |
| Orb of Lightning | 1 | |
12 total

»
SenseiLuisSan (
yellow | 36 APM | 1658 actions | 45:59)
5 Mountain King
3 Storm Bolt
2 Bash
1 Paladin
1 Holy Light
» actions
| Basic commands | 1 | |
| Build / train | 84 | |
| Enter build submenu | 38 | |
| Enter hero's abilities submenu | 6 | |
| Right click | 979 | |
| Select / deselect | 488 | |
| Use ability | 62 | |
1658 total
» units
| Peasant | 14 | |
| Footman | 5 | |
| Siege Engine | 7 | |
| Rifleman | 1 | |
| Flying Machine | 14 | |
41 total
» upgrades
| Swords | 1 | |
| Armor | 1 | |
| Lumber Harvesting | 2 | |
| Gunpowder | 3 | |
| Plating | 3 | |
| Masonry | 1 | |
| Barrage | 1 | |
| Flak Cannons | 1 | |
| Flying Machine Bombs | 1 | |
14 total
» buildings
| Farm | 13 | |
| Altar of Kings | 1 | |
| Barracks | 1 | |
| Lumber Mill | 2 | |
| Scout Tower | 15 | |
| Blacksmith | 1 | |
| Arcane Vault | 1 | |
| Arcane Tower | 1 | |
| Guard Tower | 14 | |
| Keep | 2 | |
| Town Hall | 1 | |
| Workshop | 3 | |
| Castle | 1 | |
56 total
» build order
00:29 Farm
00:49 Altar of Kings
01:16 Barracks
01:52 Lumber Mill
01:58 Farm
02:22 Lumber Mill
02:30 Scout Tower
02:47 Blacksmith
02:59 Arcane Vault
03:01 Arcane Tower
03:05 Farm
03:31 Farm
03:52 Farm
04:38 Scout Tower
04:49 Farm
05:10 Guard Tower
05:12 Farm
05:17 Scout Tower
05:31 Farm
05:39 Keep
05:40 Keep
06:13 Guard Tower
06:32 Farm
06:54 Town Hall
07:10 Scout Tower
07:15 Farm
07:53 Guard Tower
07:57 Scout Tower
08:02 Farm
08:25 Guard Tower
08:29 Scout Tower
09:05 Guard Tower
09:09 Scout Tower
09:17 Workshop
09:24 Workshop
09:28 Workshop
09:57 Guard Tower
10:12 Scout Tower
10:17 Scout Tower
10:40 Guard Tower
10:52 Castle
11:10 Guard Tower
11:13 Scout Tower
11:18 Farm
11:49 Scout Tower
11:52 Scout Tower
12:10 Guard Tower
12:13 Scout Tower
12:17 Farm
12:44 Guard Tower
12:49 Guard Tower
12:53 Scout Tower
12:56 Guard Tower
13:26 Guard Tower
13:28 Scout Tower
15:40 Guard Tower
» items
| Lesser Clarity Potion | 1 | |
| Scroll of Regeneration | 2 | |
3 total

»
welshRAMBO (
red | 76 APM | 1759 actions | 23:01)
6 Death Knight
3 Death Coil
2 Unholy Aura
1 Animate Dead
» actions
| Assign group hotkey | 16 | |
| Build / train | 57 | |
| ESC pressed | 3 | |
| Enter build submenu | 26 | |
| Enter hero's abilities submenu | 6 | |
| Give item / drop item | 2 | |
| Remove unit from queue | 2 | |
| Right click | 1045 | |
| Select / deselect | 313 | |
| Select group hotkey | 231 | |
| Use ability | 58 | |
1759 total
» units
| Acolyte | 11 | |
| Ghoul | 4 | |
| Crypt Fiend | 11 | |
| Goblin Zeppelin | 5 | |
31 total
» upgrades
| Creature Attack | 3 | |
| Creature Carapace | 2 | |
| Burrow | 1 | |
| Web | 1 | |
7 total
» buildings
| Crypt | 2 | |
| Ziggurat | 6 | |
| Altar of Darkness | 1 | |
| Graveyard | 2 | |
| Tomb of Relics | 1 | |
| Halls of the Dead | 4 | |
| Black Citadel | 1 | |
| Temple of the Damned | 3 | |
20 total
» build order
00:13 Crypt
00:15 Ziggurat
00:36 Altar of Darkness
01:11 Graveyard
01:21 Graveyard
01:34 Tomb of Relics
01:45 Ziggurat
02:54 Halls of the Dead
02:54 Halls of the Dead
02:55 Halls of the Dead
04:49 Crypt
05:43 Black Citadel
06:42 Ziggurat
06:46 Ziggurat
06:51 Ziggurat
06:53 Ziggurat
10:26 Temple of the Damned
10:27 Temple of the Damned
10:36 Temple of the Damned
» items
| Rod of Necromancy | 1 | |
| Orb of Corruption | 1 | |
| Dust of Appearance | 1 | |
3 total
team 2 (winner)
wdjuq2hu2489248 (
green | 88 APM | 4044 actions | 46:04)
9 Archmage
2 Summon Water Elemental
3 Brilliance Aura
3 Blizzard
1 Mass Teleport
» actions
| Assign group hotkey | 103 | |
| Basic commands | 84 | |
| Build / train | 400 | |
| ESC pressed | 9 | |
| Enter build submenu | 107 | |
| Enter hero's abilities submenu | 9 | |
| Give item / drop item | 2 | |
| Right click | 1575 | |
| Select / deselect | 488 | |
| Select group hotkey | 812 | |
| Use ability | 455 | |
4044 total
» units
| Peasant | 24 | |
| Footman | 8 | |
| Goblin Shredder | 4 | |
| Dragonhawk Rider | 3 | |
| Goblin Sapper | 11 | |
| Gryphon Rider | 8 | |
| Goblin Zeppelin | 5 | |
63 total
» upgrades
| Swords | 3 | |
| Masonry | 3 | |
| Armor | 3 | |
| Lumber Harvesting | 2 | |
| Cloud | 1 | |
| Storm Hammers | 1 | |
| Animal War Training | 1 | |
14 total
» buildings
| Altar of Kings | 1 | |
| Barracks | 1 | |
| Farm | 11 | |
| Arcane Vault | 3 | |
| Lumber Mill | 1 | |
| Town Hall | 5 | |
| Scout Tower | 105 | |
| Guard Tower | 227 | |
| Keep | 5 | |
| Blacksmith | 1 | |
| Castle | 9 | |
| Gryphon Aviary | 4 | |
| Arcane Tower | 13 | |
386 total
» build order
00:44 Altar of Kings
00:50 Barracks
00:52 Farm
01:03 Farm
01:25 Farm
02:19 Arcane Vault
02:22 Farm
02:33 Farm
02:44 Lumber Mill
04:17 Town Hall
04:21 Scout Tower
04:23 Scout Tower
04:24 Scout Tower
04:25 Scout Tower
04:28 Scout Tower
04:49 Guard Tower
04:49 Guard Tower
04:50 Guard Tower
04:50 Guard Tower
04:50 Guard Tower
04:51 Guard Tower
04:53 Guard Tower
04:53 Guard Tower
04:54 Guard Tower
04:54 Guard Tower
04:54 Guard Tower
04:54 Guard Tower
05:59 Guard Tower
05:59 Guard Tower
06:30 Keep
06:31 Keep
06:42 Blacksmith
07:00 Scout Tower
07:03 Scout Tower
07:04 Scout Tower
07:07 Scout Tower
07:19 Scout Tower
07:49 Scout Tower
07:51 Scout Tower
07:52 Scout Tower
07:53 Guard Tower
07:54 Guard Tower
07:54 Guard Tower
08:01 Guard Tower
08:01 Guard Tower
08:01 Guard Tower
08:02 Guard Tower
08:24 Guard Tower
08:25 Guard Tower
08:25 Guard Tower
08:25 Guard Tower
09:35 Town Hall
09:38 Scout Tower
09:39 Scout Tower
09:40 Scout Tower
09:42 Scout Tower
09:44 Scout Tower
09:45 Scout Tower
09:46 Scout Tower
09:47 Scout Tower
09:48 Scout Tower
09:50 Scout Tower
09:52 Scout Tower
10:02 Castle
10:02 Castle
10:03 Castle
10:11 Guard Tower
10:11 Guard Tower
10:12 Guard Tower
10:29 Gryphon Aviary
10:30 Gryphon Aviary
10:35 Guard Tower
10:35 Guard Tower
10:36 Guard Tower
10:39 Guard Tower
10:39 Guard Tower
10:39 Guard Tower
10:40 Guard Tower
10:40 Guard Tower
10:40 Guard Tower
10:41 Guard Tower
10:41 Guard Tower
10:45 Scout Tower
10:49 Scout Tower
10:59 Arcane Vault
11:14 Guard Tower
11:15 Guard Tower
11:15 Guard Tower
11:17 Guard Tower
11:17 Guard Tower
11:47 Guard Tower
11:47 Guard Tower
11:47 Guard Tower
13:15 Farm
13:17 Farm
13:20 Farm
13:21 Farm
13:23 Farm
14:43 Town Hall
14:49 Scout Tower
14:50 Scout Tower
14:51 Scout Tower
14:54 Scout Tower
14:55 Scout Tower
14:59 Scout Tower
15:01 Scout Tower
15:02 Scout Tower
15:03 Scout Tower
15:04 Scout Tower
15:05 Scout Tower
15:06 Scout Tower
15:07 Scout Tower
15:26 Guard Tower
15:26 Guard Tower
15:26 Guard Tower
15:32 Guard Tower
15:32 Guard Tower
15:33 Guard Tower
15:52 Guard Tower
15:52 Guard Tower
15:53 Guard Tower
15:55 Guard Tower
15:55 Guard Tower
15:55 Guard Tower
16:03 Scout Tower
16:13 Guard Tower
16:46 Guard Tower
16:46 Guard Tower
16:47 Guard Tower
17:02 Scout Tower
17:03 Scout Tower
17:04 Scout Tower
17:05 Scout Tower
17:06 Scout Tower
17:09 Scout Tower
17:10 Scout Tower
17:11 Scout Tower
17:12 Scout Tower
17:12 Scout Tower
17:14 Scout Tower
17:15 Scout Tower
17:16 Scout Tower
17:17 Scout Tower
17:44 Guard Tower
17:44 Guard Tower
17:45 Guard Tower
17:51 Scout Tower
17:51 Scout Tower
17:53 Scout Tower
17:54 Scout Tower
17:55 Scout Tower
17:56 Scout Tower
17:56 Scout Tower
18:01 Scout Tower
18:04 Scout Tower
18:04 Scout Tower
18:07 Guard Tower
18:08 Guard Tower
18:08 Guard Tower
18:11 Guard Tower
18:11 Guard Tower
18:12 Guard Tower
18:14 Guard Tower
18:14 Guard Tower
18:14 Guard Tower
18:14 Guard Tower
18:15 Guard Tower
18:15 Guard Tower
18:25 Guard Tower
18:25 Guard Tower
18:26 Guard Tower
18:45 Guard Tower
18:45 Guard Tower
18:45 Guard Tower
18:45 Guard Tower
18:46 Guard Tower
18:46 Guard Tower
18:49 Guard Tower
18:49 Guard Tower
18:50 Guard Tower
18:55 Guard Tower
18:55 Guard Tower
18:56 Guard Tower
19:52 Guard Tower
19:52 Guard Tower
19:52 Guard Tower
20:00 Scout Tower
20:00 Scout Tower
20:01 Scout Tower
20:01 Scout Tower
20:02 Scout Tower
20:03 Scout Tower
20:04 Scout Tower
20:05 Scout Tower
20:46 Guard Tower
20:47 Guard Tower
20:47 Guard Tower
20:47 Guard Tower
20:51 Guard Tower
20:51 Guard Tower
20:51 Guard Tower
21:39 Guard Tower
21:40 Guard Tower
21:40 Guard Tower
21:42 Scout Tower
24:23 Farm
24:47 Arcane Vault
26:59 Keep
26:59 Keep
27:01 Gryphon Aviary
27:02 Gryphon Aviary
28:21 Scout Tower
28:22 Scout Tower
28:23 Scout Tower
28:55 Guard Tower
28:58 Scout Tower
28:59 Scout Tower
29:00 Scout Tower
29:01 Scout Tower
29:02 Scout Tower
29:38 Guard Tower
29:38 Guard Tower
29:51 Scout Tower
29:54 Scout Tower
30:01 Scout Tower
30:03 Scout Tower
30:06 Scout Tower
30:14 Castle
30:14 Castle
30:14 Castle
30:15 Castle
30:26 Guard Tower
30:26 Guard Tower
30:26 Guard Tower
30:27 Guard Tower
30:29 Guard Tower
30:30 Guard Tower
30:30 Guard Tower
30:30 Guard Tower
30:41 Guard Tower
30:41 Guard Tower
30:41 Guard Tower
30:43 Guard Tower
30:43 Guard Tower
30:49 Guard Tower
30:49 Guard Tower
30:49 Guard Tower
30:56 Guard Tower
35:16 Town Hall
35:18 Scout Tower
35:19 Scout Tower
35:20 Scout Tower
35:21 Scout Tower
35:22 Scout Tower
35:23 Scout Tower
35:24 Scout Tower
35:25 Scout Tower
35:26 Scout Tower
35:28 Scout Tower
35:29 Scout Tower
35:30 Scout Tower
35:32 Scout Tower
35:51 Guard Tower
35:51 Guard Tower
35:52 Guard Tower
36:12 Guard Tower
36:13 Guard Tower
36:13 Guard Tower
36:13 Guard Tower
36:13 Guard Tower
36:14 Guard Tower
36:35 Guard Tower
36:35 Guard Tower
36:37 Guard Tower
36:38 Guard Tower
36:38 Guard Tower
37:13 Guard Tower
37:13 Guard Tower
39:58 Scout Tower
40:11 Scout Tower
40:26 Town Hall
40:29 Scout Tower
40:33 Scout Tower
40:36 Scout Tower
40:39 Scout Tower
40:44 Arcane Tower
40:44 Arcane Tower
40:44 Guard Tower
40:44 Guard Tower
40:45 Guard Tower
40:45 Guard Tower
40:56 Arcane Tower
40:57 Arcane Tower
40:57 Arcane Tower
41:02 Arcane Tower
41:02 Arcane Tower
41:02 Arcane Tower
41:02 Arcane Tower
41:06 Guard Tower
41:07 Guard Tower
41:07 Guard Tower
41:07 Guard Tower
41:27 Guard Tower
41:27 Guard Tower
» items
| Dust of Appearance | 1 | |
| Mechanical Critter | 2 | |
| Scroll of Regeneration | 8 | |
| Scroll of Town Portal | 3 | |
| Ivory Tower | 9 | |
| Potion of Healing | 2 | |
| Staff of Sanctuary | 1 | |
| Lesser Clarity Potion | 1 | |
27 total
RICEKRISPYTREET (
orange | 63 APM | 2923 actions | 46:04)
7 Blood Mage
3 Flame Strike
3 Banish
1 Summon Phoenix
» actions
| Assign group hotkey | 65 | |
| Basic commands | 11 | |
| Build / train | 109 | |
| Enter build submenu | 22 | |
| Enter hero's abilities submenu | 8 | |
| Give item / drop item | 2 | |
| Remove unit from queue | 1 | |
| Right click | 1185 | |
| Select / deselect | 315 | |
| Select group hotkey | 1071 | |
| Use ability | 134 | |
2923 total
» units
| Peasant | 10 | |
| Footman | 5 | |
| Goblin Shredder | 3 | |
| Sorceress | 7 | |
| Dragonhawk Rider | 7 | |
| Mortar Team | 14 | |
| Goblin Sapper | 4 | |
50 total
» upgrades
| Masonry | 3 | |
| Sorceress Training | 2 | |
| Swords | 2 | |
| Armor | 2 | |
| Animal War Training | 1 | |
| Storm Hammers | 1 | |
| Magic Sentry | 1 | |
| Priest Training | 1 | |
| Gunpowder | 2 | |
| Cloud | 1 | |
| Flying Machine Bombs | 1 | |
| Flare | 1 | |
| Fragmentation Shards | 1 | |
| Flak Cannons | 1 | |
20 total
» buildings
| Altar of Kings | 1 | |
| Barracks | 1 | |
| Farm | 14 | |
| Scout Tower | 24 | |
| Arcane Tower | 1 | |
| Town Hall | 2 | |
| Lumber Mill | 1 | |
| Keep | 1 | |
| Guard Tower | 10 | |
| Blacksmith | 1 | |
| Arcane Sanctum | 2 | |
| Castle | 1 | |
| Gryphon Aviary | 2 | |
| Arcane Vault | 1 | |
| Workshop | 2 | |
64 total
» build order
00:13 Altar of Kings
00:24 Barracks
00:38 Farm
00:53 Farm
01:35 Farm
01:41 Scout Tower
02:11 Arcane Tower
03:40 Town Hall
03:42 Lumber Mill
05:47 Keep
05:55 Scout Tower
05:56 Scout Tower
05:56 Scout Tower
05:58 Scout Tower
05:58 Scout Tower
05:58 Scout Tower
06:35 Guard Tower
06:41 Blacksmith
07:01 Farm
07:05 Guard Tower
08:13 Arcane Sanctum
08:17 Arcane Sanctum
08:20 Castle
09:12 Scout Tower
09:13 Scout Tower
09:13 Scout Tower
09:14 Scout Tower
09:15 Scout Tower
09:50 Guard Tower
09:58 Gryphon Aviary
10:00 Gryphon Aviary
11:11 Scout Tower
11:11 Scout Tower
11:12 Scout Tower
11:12 Scout Tower
11:13 Scout Tower
11:13 Scout Tower
11:14 Scout Tower
12:04 Guard Tower
12:05 Guard Tower
12:37 Guard Tower
12:38 Guard Tower
12:47 Farm
12:47 Farm
12:48 Farm
12:48 Farm
12:49 Farm
12:49 Farm
12:50 Farm
14:11 Guard Tower
15:21 Arcane Vault
15:24 Farm
15:24 Farm
15:46 Scout Tower
15:47 Scout Tower
15:47 Scout Tower
16:50 Workshop
16:51 Workshop
16:53 Guard Tower
25:04 Town Hall
» items
| Potion of Mana | 5 | |
| Scroll of Town Portal | 7 | |
| Potion of Healing | 2 | |
| Scroll of Regeneration | 2 | |
16 total

»
thebojangler (
teal | 64 APM | 1384 actions | 21:44)
2 Keeper of the Grove
1 Force of Nature
1 Entangling Roots
1 Demon Hunter
1 Mana Burn
1 Priestess of the Moon
1 Trueshot Aura
» actions
| Assign group hotkey | 18 | |
| Basic commands | 1 | |
| Build / train | 60 | |
| Enter build submenu | 29 | |
| Enter hero's abilities submenu | 4 | |
| Remove unit from queue | 2 | |
| Right click | 561 | |
| Select / deselect | 199 | |
| Select group hotkey | 472 | |
| Use ability | 38 | |
1384 total
» units
| Wisp | 25 | |
| Archer | 4 | |
| Huntress | 3 | |
| Chimaera | 4 | |
| Druid of the Talon | 7 | |
43 total
» upgrades
| Druid of the Talon Training | 2 | |
| Strength of the Wild | 2 | |
| Corrosive Breath | 1 | |
| Reinforced Hides | 1 | |
6 total
» buildings
| Altar of Elders | 1 | |
| Moon Well | 13 | |
| Ancient of War | 1 | |
| Hunter's Hall | 1 | |
| Ancient of Wonders | 1 | |
| Tree of Ages | 1 | |
| Ancient Protector | 2 | |
| Tree of Life | 3 | |
| Ancient of Wind | 1 | |
| Tree of Eternity | 1 | |
| Chimaera Roost | 2 | |
27 total
» build order
00:11 Altar of Elders
00:16 Moon Well
00:47 Ancient of War
01:28 Moon Well
02:26 Hunter's Hall
02:41 Ancient of Wonders
03:34 Moon Well
04:19 Tree of Ages
04:25 Ancient Protector
04:57 Tree of Life
06:16 Ancient Protector
07:01 Ancient of Wind
07:53 Tree of Eternity
08:21 Moon Well
10:38 Chimaera Roost
10:53 Chimaera Roost
12:27 Moon Well
13:51 Tree of Life
13:59 Moon Well
15:34 Tree of Life
15:40 Moon Well
15:43 Moon Well
15:47 Moon Well
16:01 Moon Well
16:42 Moon Well
16:54 Moon Well
17:14 Moon Well

»
sunshine27 (
pink | 22 APM | 680 actions | 30:40)
4 Warden
2 Blink
2 Shadow Strike
» actions
| Basic commands | 28 | |
| Build / train | 57 | |
| Enter build submenu | 22 | |
| Enter hero's abilities submenu | 4 | |
| Give item / drop item | 1 | |
| Right click | 151 | |
| Select / deselect | 276 | |
| Use ability | 141 | |
680 total
» units
| Wisp | 12 | |
| Archer | 8 | |
| Huntress | 5 | |
| Druid of the Claw | 10 | |
35 total
» upgrades
| Strength of the Moon | 1 | |
| Ultravision | 1 | |
| Sentinel | 1 | |
| Improved Bows | 1 | |
| Druid of the Claw Training | 2 | |
| Strength of the Wild | 1 | |
| Reinforced Hides | 1 | |
| Upgrade Moon Glaive | 1 | |
| Mark of the Claw | 1 | |
10 total
» buildings
| Moon Well | 9 | |
| Altar of Elders | 1 | |
| Ancient of War | 2 | |
| Hunter's Hall | 1 | |
| Ancient of Wonders | 1 | |
| Tree of Ages | 1 | |
| Ancient of Lore | 2 | |
| Tree of Eternity | 1 | |
| Tree of Life | 1 | |
19 total
» build order
00:25 Moon Well
00:37 Altar of Elders
00:51 Ancient of War
01:44 Moon Well
02:18 Ancient of War
02:26 Moon Well
02:57 Hunter's Hall
03:20 Moon Well
05:06 Ancient of Wonders
05:51 Tree of Ages
06:36 Moon Well
07:40 Moon Well
08:28 Ancient of Lore
08:30 Ancient of Lore
09:48 Tree of Eternity
11:35 Moon Well
15:25 Moon Well
18:59 Tree of Life
22:30 Moon Well
» items
| Dust of Appearance | 1 | |
| Potion of Healing | 1 | |
| Scroll of Town Portal | 1 | |
| Lesser Clarity Potion | 1 | |
| Scroll of Regeneration | 1 | |
5 total
Chat log
(00:08 / Allies) welshRAMBO: hi
(00:49 / All) RICEKRISPYTREET: havent got this oldschool map in a wihle
(00:55 / Allies) welshRAMBO: its fun
(01:03 / Allies) welshRAMBO: aint it boys
(01:23 / All) sunshine27: dis map sux
(01:34 / All) Cash_Money: that's just your opinion
(01:38 / All) Cash_Money: one that I don't happen to share
(01:46 / All) sunshine27: :)
(01:49 / All) welshRAMBO: cool story hasnel
(01:50 / Allies) biggiesmalls_ny: CHIMS
(01:53 / Allies) biggiesmalls_ny: get AA plz
(01:54 / Allies) biggiesmalls_ny: ...
(01:55 / Allies) biggiesmalls_ny: ok?
(01:59 / All) wdjuq2hu2489248: I just wish it had a tavern or something
(02:00 / Allies) welshRAMBO: should i just mass fiends?
(02:05 / Allies) Cash_Money: yeah
(02:06 / Allies) welshRAMBO: with some necros
(02:07 / All) RICEKRISPYTREET: isnt bo jangles a black racist term
(02:07 / Allies) biggiesmalls_ny: thats fine toor ed
(02:09 / Allies) biggiesmalls_ny: or gargs
(02:11 / Allies) biggiesmalls_ny: or a mix :)
(02:13 / Allies) biggiesmalls_ny: gj
(02:14 / Allies) SenseiLuisSan: :
(02:15 / Allies) Cash_Money: go fiends
(02:16 / Allies) Cash_Money: and necros
(02:17 / Allies) welshRAMBO: respect
(02:21 / All) thebojangler: nah brah
(03:03 / Allies) Cash_Money: what are oyu doing blue
(03:05 / Allies) Cash_Money: you stole my greens
(03:09 / Allies) biggiesmalls_ny: whatevs
(03:10 / Allies) biggiesmalls_ny: play
(03:14 / Allies) welshRAMBO: true
(03:16 / Allies) biggiesmalls_ny: u can get the item
(03:23 / Allies) Cash_Money: Thx I wanted expo retard
(03:42 / Allies) biggiesmalls_ny: come get exp
(03:47 / Allies) Cash_Money: I could creep it alone
(03:52 / Allies) biggiesmalls_ny: lol whatever ok
(04:04 / Allies) Cash_Money: go take other teams creeps not mine dawg
(04:09 / Allies) biggiesmalls_ny: kk
(04:31 / Allies) biggiesmalls_ny: happy?
(05:50 / All) thebojangler: lol
(05:57 / All) biggiesmalls_ny: :)
(05:59 / All) biggiesmalls_ny: fucker lol
(06:48 / Allies) biggiesmalls_ny: fuck
(06:52 / Allies) biggiesmalls_ny: didnt realize you took it purple
(07:11 / Allies) biggiesmalls_ny: fuck man
(07:43 / Allies) SenseiLuisSan: b'
(08:55 / Allies) SenseiLuisSan: hit and run
(09:41 / Allies) biggiesmalls_ny: figjt
(09:49 / Allies) biggiesmalls_ny: protect my tree
(10:45 / Allies) biggiesmalls_ny: wood plz
(10:56 / Allies) biggiesmalls_ny: thx
(11:02 / Allies) welshRAMBO: swag
(11:27 / Allies) welshRAMBO: green towering
(12:05 / Allies) biggiesmalls_ny: repair it
(12:09 / Allies) welshRAMBO: stun
(13:20 / Allies) biggiesmalls_ny: wood plz 100?
(13:34 / Allies) biggiesmalls_ny: thx
(13:42 / Allies) biggiesmalls_ny: stau tpgether
(13:45 / Allies) biggiesmalls_ny: stay together
(14:06 / Allies) biggiesmalls_ny: i hit and run
(15:18 / All) biggiesmalls_ny: :)
(15:34 / Allies) biggiesmalls_ny: we got this
(15:49 / Allies) biggiesmalls_ny: go red
(15:55 / Allies) biggiesmalls_ny: wait me
(15:58 / Allies) biggiesmalls_ny: attack
(16:08 / Allies) biggiesmalls_ny: i TP
(16:09 / Allies) biggiesmalls_ny: go
(16:12 / Allies) biggiesmalls_ny: go to teal
(16:26 / Allies) Cash_Money: HELP RED!
(16:59 / All) biggiesmalls_ny: fucker
(17:17 / All) biggiesmalls_ny: little whore
(17:22 / All) biggiesmalls_ny: you shall pay for that
(17:47 / Allies) biggiesmalls_ny: wood plz
(18:18 / Allies) Cash_Money: lumber plez
(18:42 / Allies) Cash_Money: oh
(18:46 / Allies) Cash_Money: I thought that was teal expo for some reason
(19:30 / Allies) biggiesmalls_ny: GO
(19:31 / Allies) biggiesmalls_ny: i go
(19:34 / Allies) biggiesmalls_ny: come with me
(19:35 / Allies) biggiesmalls_ny: purple come
(20:05 / All) biggiesmalls_ny: teal u blow....
(20:24 / Allies) welshRAMBO: im doine
(20:25 / Allies) welshRAMBO: done
(20:37 / All) thebojangler: yeah that was poor
(20:38 / Allies) biggiesmalls_ny: why
(20:41 / All) thebojangler: green has 12k gold
(20:42 / Allies) welshRAMBO: no base
(20:49 / All) biggiesmalls_ny: thats nice
(20:51 / All) biggiesmalls_ny: I guess?
(20:59 / All) thebojangler: and 48 upkeep
(21:01 / All) thebojangler: lol
(21:18 / All) biggiesmalls_ny: sweet
(22:50 / Allies) biggiesmalls_ny: wow
(22:55 / Allies) biggiesmalls_ny: what happened
(22:56 / All) wdjuq2hu2489248: Noob scrub come fite me blue
(23:03 / All) biggiesmalls_ny: lol suck me
(23:08 / Allies) biggiesmalls_ny: why did he leave
(23:11 / Allies) SenseiLuisSan: ?
(23:16 / Allies) Cash_Money: his base dead
(23:16 / Allies) biggiesmalls_ny: i need help
(23:18 / Allies) biggiesmalls_ny: yellow
(23:32 / Allies) biggiesmalls_ny: need help
(24:13 / Allies) biggiesmalls_ny: any help?
(24:21 / All) biggiesmalls_ny: fuck you green :)
(24:37 / Allies) biggiesmalls_ny: TP
(24:39 / Allies) biggiesmalls_ny: TP YELLOW
(24:58 / Allies) biggiesmalls_ny: all together go
(25:23 / Allies) biggiesmalls_ny: tanks ahead
(25:26 / Allies) biggiesmalls_ny: to kill hawks
(25:43 / Allies) biggiesmalls_ny: YELLOW
(25:52 / Allies) biggiesmalls_ny: go
(25:52 / Allies) biggiesmalls_ny: fight
(26:19 / Allies) biggiesmalls_ny: yellow fight
(27:21 / Allies) biggiesmalls_ny: lol
(27:40 / Allies) biggiesmalls_ny: get TP
(27:49 / Allies) biggiesmalls_ny: YELLOW
(27:58 / Allies) biggiesmalls_ny: stay with chims plz
(28:20 / Allies) biggiesmalls_ny: fight
(28:21 / Allies) biggiesmalls_ny: purple
(28:23 / Allies) biggiesmalls_ny: FIGHT
(28:34 / Allies) biggiesmalls_ny: i go fuck this
(28:35 / Allies) biggiesmalls_ny: attack
(28:53 / Allies) biggiesmalls_ny: gold if u have
(29:47 / Allies) biggiesmalls_ny: send tanks yellow
(30:02 / Allies) biggiesmalls_ny: i get him
(30:29 / All) biggiesmalls_ny: LOL
(30:32 / All) biggiesmalls_ny: gg noob
(30:37 / All) biggiesmalls_ny: pinkie
(30:39 / All) sunshine27: byeeeee
(30:39 / All) biggiesmalls_ny: u are cute :)
(30:45 / Allies) biggiesmalls_ny: yellow
(30:46 / Allies) biggiesmalls_ny: push
(30:48 / Allies) biggiesmalls_ny: tanks ahead go
(30:55 / All) wdjuq2hu2489248: Me and oj own you scrubs 2v4
(31:05 / All) biggiesmalls_ny: shut up loser :)
(31:32 / Allies) biggiesmalls_ny: purple
(31:35 / Allies) biggiesmalls_ny: bring wynvrns
(31:36 / Allies) biggiesmalls_ny: wyverns
(32:12 / Allies) biggiesmalls_ny: yellow
(32:13 / Allies) biggiesmalls_ny: gold me
(32:13 / Allies) biggiesmalls_ny: wtf
(32:25 / All) wdjuq2hu2489248: all that
(32:28 / All) wdjuq2hu2489248: over a mined out expo
(32:29 / All) wdjuq2hu2489248: LOL
(32:56 / Allies) biggiesmalls_ny: gOLD YELLOW???
(33:03 / Allies) biggiesmalls_ny: WOOD
(33:04 / Allies) biggiesmalls_ny: plz wood me
(33:39 / All) wdjuq2hu2489248: chimbot too dumb to make hippos lol
(33:44 / All) wdjuq2hu2489248: blue you suck cock
(33:53 / Allies) biggiesmalls_ny: omg
(33:54 / Allies) biggiesmalls_ny: purple
(33:57 / Allies) biggiesmalls_ny: u got so much gold
(33:58 / Allies) biggiesmalls_ny: give me gold plz
(34:00 / Allies) biggiesmalls_ny: dude
(34:02 / Allies) biggiesmalls_ny: seriously
(34:08 / Allies) Cash_Money: If I shared I wouldn't have as much
(34:10 / Allies) biggiesmalls_ny: wtf u doing purple
(34:18 / All) wdjuq2hu2489248: Blue uninstall and go swallow some cyanide
(34:20 / All) wdjuq2hu2489248: you're horrible
(34:25 / All) wdjuq2hu2489248: NICE 1 WISP REPAIRING LOL
(34:26 / All) Cash_Money: Thanks for the loss blue
(34:27 / All) wdjuq2hu2489248: LOL!!!
(34:29 / All) Cash_Money: fucking scrub ally
(34:36 / All) Cash_Money: I always get stuck with noobies
(34:41 / All) wdjuq2hu2489248: blue was a complete noob lol
(34:42 / All) Cash_Money: that's why I don't play this game much
(34:45 / All) wdjuq2hu2489248: your own team realises it blue
(35:02 / Allies) biggiesmalls_ny: lets go yellow
(35:10 / Allies) biggiesmalls_ny: purple.... make units or gimme gold...
(35:17 / Allies) Cash_Money: I need gold for myself
(35:22 / Allies) biggiesmalls_ny: wtf
(35:25 / Allies) biggiesmalls_ny: u have 13k
(35:37 / Allies) biggiesmalls_ny: gold me plz
(35:38 / Allies) biggiesmalls_ny: 300
(35:40 / Allies) biggiesmalls_ny: plz puprl
(35:41 / Allies) biggiesmalls_ny: gold for tp
(35:47 / Allies) SenseiLuisSan: share
(35:52 / Allies) biggiesmalls_ny: share gold purple
(35:54 / Allies) Cash_Money: I need it
(35:56 / Allies) biggiesmalls_ny: u have so much come on dude
(35:58 / Allies) SenseiLuisSan: ?
(36:04 / Allies) biggiesmalls_ny: just give 300
(36:08 / Allies) biggiesmalls_ny: for tp
(36:33 / All) biggiesmalls_ny: yeah purple is kinda a dick
(37:09 / Allies) biggiesmalls_ny: fight
(37:15 / All) wdjuq2hu2489248: noob scrubs lol
(37:21 / Allies) biggiesmalls_ny: purple wtf
(37:22 / Allies) biggiesmalls_ny: fight purple
(37:36 / All) Cash_Money: gg noobie allies
(37:46 / All) wdjuq2hu2489248: blue, yellow red were ultra noobs
(37:52 / All) wdjuq2hu2489248: sorry you had to get such players on your team purple
(37:57 / All) biggiesmalls_ny: won't share shit! Lol
(37:57 / All) wdjuq2hu2489248: nice he does too?
(37:58 / All) SenseiLuisSan: -purp TRASH
(38:00 / All) wdjuq2hu2489248: I have 14k and am winning
(38:03 / All) Cash_Money: I was best player on my team for sure
(38:05 / All) Cash_Money: MVP
(38:11 / All) wdjuq2hu2489248: lol you noobs scrubs all are blaming it on purple
(38:12 / All) biggiesmalls_ny: he got 15k, actually :)
(38:14 / All) RICEKRISPYTREET: purple seemed like ur guys' best player we avoided him
(38:14 / All) Cash_Money: I got stuck with scrubs
(38:19 / Allies) biggiesmalls_ny: yellow
(38:21 / Allies) biggiesmalls_ny: can u gold me
(38:22 / Allies) biggiesmalls_ny: for hero
(38:23 / Allies) biggiesmalls_ny: plz
(38:26 / All) RICEKRISPYTREET: sorry about your allies, purple
(38:26 / Allies) Cash_Money: I need
(38:33 / Allies) SenseiLuisSan: 0 Gold
(38:41 / Allies) biggiesmalls_ny: man you are suck a dick purple :)
(38:42 / All) Cash_Money: It's okay, I only have to be stuck with this game hopefully
(39:00 / All) biggiesmalls_ny: he has 16k now :/
(39:05 / Allies) biggiesmalls_ny: why wont you feed us
(39:07 / Allies) biggiesmalls_ny: i dont get it
(39:11 / All) wdjuq2hu2489248: grats
(39:11 / Allies) Cash_Money: Get your own
(39:19 / Allies) Cash_Money: I believe in hard work and capitalism
(39:20 / Allies) Cash_Money: not socialism
(39:25 / Allies) Cash_Money: get your own gold newbie
(39:27 / Allies) biggiesmalls_ny: alrught
(39:29 / Allies) SenseiLuisSan: so play solo
(39:33 / Allies) SenseiLuisSan: asshole
(39:35 / Allies) biggiesmalls_ny: i will get my own gold
(39:36 / Allies) biggiesmalls_ny: fucker
(40:01 / Allies) biggiesmalls_ny: make units at least purple???
(40:09 / Allies) Cash_Money: don't say I never gave oyu nothing
(40:10 / Allies) biggiesmalls_ny: lol a little late now
(40:39 / Allies) biggiesmalls_ny: fuck him
(40:40 / Allies) biggiesmalls_ny: gj
(41:26 / All) wdjuq2hu2489248: fuckingnoob prick killed my peasant
(41:29 / Allies) biggiesmalls_ny: UNITS PURPLE? HELLOOOOO
(42:20 / All) Cash_Money: I would rather lose than be stuck with newbies like this, time to end the game
(42:26 / All) Cash_Money: and get good players next game hopefully
(42:42 / Allies) biggiesmalls_ny: lol purple. :)
(42:47 / All) wdjuq2hu2489248: Good luck brothah, hard to find motivation to play wc3 when you get scrubs like that
(43:03 / All) biggiesmalls_ny: the man is angry
(43:10 / All) biggiesmalls_ny: when's the last time you entered a woman purple?
(43:11 / All) biggiesmalls_ny: oh yeah
(43:13 / All) biggiesmalls_ny: never
(43:14 / All) Cash_Money: yellow is a tk to boot
(43:18 / All) Cash_Money: I had the worst allies
(43:20 / All) wdjuq2hu2489248: Fact is blue, you are 142-139 now
(43:25 / All) wdjuq2hu2489248: You sucked and got 1v4ed
(43:25 / All) RICEKRISPYTREET: what does enter a woman???
(43:28 / All) wdjuq2hu2489248: Your own allies hate you
(43:29 / All) Cash_Money: yellow almost killed a wyvern
(43:36 / All) SenseiLuisSan: lol
(43:38 / All) Cash_Money: he's a disrespectul ingrate
(43:40 / All) biggiesmalls_ny: whatever
(43:43 / All) SenseiLuisSan: purp = SCRUB
(43:45 / All) biggiesmalls_ny: you're a bunch of no lives.
(43:49 / All) wdjuq2hu2489248: scrub noob bitch yellow and blue
(43:51 / All) RICEKRISPYTREET: why are u tking purple hes good
(43:52 / All) biggiesmalls_ny: i dont give a shit lol :)
(43:56 / All) Cash_Money: If I had better allies I would win ez
(44:02 / All) wdjuq2hu2489248: purple was the only good player on your team noobs
(44:08 / All) wdjuq2hu2489248: you should learn from him
(44:16 / All) biggiesmalls_ny: you should shut the fuck up
(44:21 / All) biggiesmalls_ny: for a change
(44:34 / All) SenseiLuisSan: STFU mr tower green
(44:40 / All) biggiesmalls_ny: anyway
(44:48 / All) biggiesmalls_ny: its pretty obvious that purple knows folks on the other team
(44:52 / All) biggiesmalls_ny: college kids
(44:56 / All) biggiesmalls_ny: hope you had fun :)
(44:57 / All) wdjuq2hu2489248: My towers owned you scrubs lol
(44:58 / All) RICEKRISPYTREET: i just want everyone to be friends
(44:58 / All) wdjuq2hu2489248: hahaha]
(45:03 / All) biggiesmalls_ny: or maybe you are in high school lol?
(45:09 / All) Cash_Money: jr high
(45:10 / All) RICEKRISPYTREET: are you mad at me , blue?
(45:14 / All) biggiesmalls_ny: nah
(45:17 / All) Cash_Money: except for orange he dropped out of 5th grade
(45:18 / All) biggiesmalls_ny: i dont really care :)
(45:23 / All) biggiesmalls_ny: it's just obnoxious
(45:27 / All) biggiesmalls_ny: to play with folks like you
(45:28 / All) RICEKRISPYTREET: why cant we be friends
(45:30 / All) biggiesmalls_ny: bye, no lives.
(45:31 / All) biggiesmalls_ny: enjoy sucking at life
(45:44 / All) RICEKRISPYTREET: die blue hall
(45:45 / All) RICEKRISPYTREET: die
(46:01 / All) Cash_Money: lawl